 Dungeon Crawl Stone Soup version 0.19.5 (webtiles) character file.

8542 LORDOFBUTT the Peltast (level 11, 0/60 HPs)
             Began as a Gargoyle Fighter on Mar 21, 2017.
             Was an Initiate of Gozag.
             Slain by a hill giant
             ... wielding a +0 giant club
              (22 damage)
             ... on level 10 of the Dungeon.
             The game lasted 00:13:59 (8950 turns).

LORDOFBUTT the Peltast (Gargoyle Fighter)           Turns: 8950, Time: 00:14:00

Health: 0/60       AC: 16    Str: 20    XL:     11   Next: 32%
Magic:  11/11      EV:  9    Int:  9    God:    Gozag
Gold:   887        SH: 14    Dex: 14    Spells: 0 memorised, 10 levels left

rFire  . . .     SeeInvis .     l - +4 flail of the End {crush, rC+}
rCold  + + .     Gourm    .     r - +0 scale mail
rNeg   + . .     Faith    .     c - +0 shield
rPois  ∞         Spirit   .     e - +0 helmet
rElec  +         Reflect  .     q - +0 cloak
rCorr  .         Harm     .     (no gloves)
MR     .....                    (no boots)
Stlth  +.........               u - amulet of magic regeneration
                                I - ring of protection from cold
                                w - ring of stealth

@: no status effects
A: agile 1, blink, deterioration 1, negative energy resistance 1, regeneration
1, electricity resistance, unbreathing, petrification resistance, rot immunity,
AC +7
a: Blink, Potion Petition, Call Merchant, Bribe Branch, Renounce Religion


You were on level 10 of the Dungeon.
You worshipped Gozag.
Gozag was pleased with you.
You were not hungry.

You visited 2 branches of the dungeon, and saw 11 of its levels.

You collected 1213 gold pieces.
You spent 221 gold pieces at shops.
You paid 105 gold pieces to Gozag.

Inventory:

Hand Weapons
 a - a +3 flail
 l - the +4 flail of the End (weapon) {crush, rC+}
   (You bought it in a shop on level 8 of the Dungeon)

   It inflicts extra damage upon your enemies.
   It protects you from cold.
Armour
 c - a +0 shield (worn)
 e - a +0 helmet (worn)
 q - a +0 cloak (worn)
 r - a +0 scale mail (worn)
 L - a -2 helmet
Jewellery
 u - an amulet of magic regeneration (around neck)
 w - a ring of stealth (left hand)
 y - an uncursed ring of flight
 I - a ring of protection from cold (right hand)
Wands
 B - a wand of flame (9/48)
 C - a wand of paralysis (10/24)
 D - a wand of flame (23/48)
Scrolls
 d - a scroll of fog
 g - 4 scrolls of teleportation
 h - 4 scrolls of immolation
 j - a scroll of enchant weapon
 k - 4 scrolls of magic mapping
 o - a scroll of recharging
 t - a scroll of amnesia
 x - a scroll of random uselessness
 H - a scroll of noise {unknown}
 O - a scroll of enchant armour {unknown}
 P - a scroll of remove curse
 R - 2 scrolls of identify
 S - a scroll of summoning {unknown}
Potions
 b - a potion of agility
 i - a potion of resistance {unknown}
 m - 3 potions of flight
 n - 3 potions of lignification {unknown}
 p - 5 potions of curing
 v - a potion of cancellation {unknown}
 z - a potion of ambrosia
 E - a potion of might
 F - a potion of haste {unknown}
 K - a potion of brilliance {unknown}
 N - a potion of degeneration {unknown}
 Q - a potion of heal wounds
Books
 A - a book of Conjurations

   Spells                             Type                      Level
   a - Magic Dart                     Conjuration                  1
   b - Searing Ray                    Conjuration                  2
   c - Dazzling Spray                 Conjuration/Hexes            3
   d - Fulminant Prism                Conjuration/Hexes            4
   e - Iskenderun's Mystic Blast      Conjuration                  4
   f - Iskenderun's Battlesphere      Conjuration/Charms           5
 G - a book of Fire

   Spells                             Type                      Level
   a - Ignite Poison                  Fire/Transmutation/Poison    3
   b - Fireball                       Conjuration/Fire             5
   c - Bolt of Fire                   Conjuration/Fire             6
   d - Delayed Fireball               Conjuration/Fire             7
   e - Ring of Flames                 Charms/Fire                  7
Comestibles
 f - 6 bread rations
 s - 2 meat rations
 J - 2 fruits
 M - 10 royal jellies


   Skills:
 - Level 3.2 Fighting
 * Level 10.2 Maces & Flails
 - Level 3.2 Armour
 - Level 15.0 Shields


You had 10 spell levels left.
You didn't know any spells.

Dungeon Overview and Level Annotations

Branches:
Dungeon (10/15)            Temple (1/1) D:4
   Lair: D:8-11         Orc: D:9-12

Altars:
Cheibriados
Dithmenos
Elyvilon
Fedhas
Gozag
Hepliaklqana
Kikubaaqudgha
Makhleb
Nemelex Xobeh
Okawaru
Qazlal
Ru
Sif Muna
Trog
Uskayaw
Vehumet
Xom
Yredelemnul
Zin
The Shining One

Shops:
D:8 (


Innate Abilities, Weirdness & Mutations

You are resistant to torment.
Your stone body is resilient. (AC +7)
You are immune to poison.
You resist negative energy. (rN+)
You are resistant to electric shocks. (rElec)
You can survive without breathing.
You are immune to petrification.
You are immune to rotting.
You are agile. (Dex +2)
You can translocate small distances at will.
Your body sometimes deteriorates upon taking damage.
Your natural rate of healing is unusually fast.


Message History

You hit the hill giant.
The hill giant is lightly wounded.
You block the hill giant's attack.
A hill giant is nearby!
You hit the hill giant but do no damage.
The hill giant is lightly wounded.
You hit the hill giant.
The hill giant is lightly wounded.
The hill giant hits you with a giant club!
You hit the hill giant but do no damage.
The hill giant is lightly wounded.
The hill giant hits you with a giant club!!
Ouch! That really hurt!
You hit the hill giant.
The hill giant is moderately wounded.
You hit the hill giant.
The hill giant is moderately wounded.
The hill giant hits you with a giant club!!
You die...
Your body crumbles into a pile of gold.

.#........##.........#
##........##.........#
##........##.........#
#........##.........#
#........###+########
#####.#### #.# #...#
#..### ####(######
#.C.# .....((...#
##@### ..........#
#....#
..........#####....#
........<.'..##....#
.......)..##.##....#
..........##.##....#
..........##.##....#
..........##.##....#
..........##.##....#


You could see a hill giant.

Vanquished Creatures
  A hydra (D:7)
  Pikel (D:7)
  A deep elf mage (D:10)
  Joseph (D:7)
  A slime creature (D:7)
  3 hippogriffs
  A wraith (D:10)
  Eustachio (D:5)
  A wyvern (D:9)
  5 yaks (D:10)
  2 hungry ghosts
  A vampire mosquito (D:10)
  Menkaure (D:6)
  2 water moccasins
  3 orc warriors
  6 sky beasts
  Duvessa (D:6)
  A black bear (D:8)
  2 ice beasts
  An eye of draining (D:10)
  An ogre (D:8)
  6 centaurs
  3 big kobolds
  4 bullfrogs
  Dowan (D:6)
  5 scorpions
  3 killer bees (D:7)
  4 wights (D:7)
  A howler monkey (D:10)
  A bullfrog zombie (D:5)
  2 crimson imps
  A bullfrog skeleton (D:10)
  4 hounds
  Crazy Yiuf (D:2)
  6 orc priests
  6 jellies
  6 orc wizards
  5 worker ants
  A hound zombie (D:10)
  2 worker ant zombies
  A howler monkey zombie (D:5)
  9 adders
  A shadow imp (D:5)
  5 oozes (D:9)
  2 adder skeletons
  An adder zombie (D:5)
  3 worms (D:4)
  A dart slug (D:2)
  4 leopard geckos
  19 orcs
  A ball python (D:5)
  5 bats
  5 giant cockroaches
  6 goblins
  7 hobgoblins
  16 jackals
  19 kobolds
  A quokka (D:8)
  2 frilled lizards
  7 rats
  A bush (D:2)
  2 fungi (D:2)
217 creatures vanquished.

Vanquished Creatures (others)
  3 slaves (D:7)
  An iguana (D:7)
4 creatures vanquished.

Grand Total: 221 creatures vanquished

Notes
Turn   | Place    | Note
-------+----------+-------------------------------------------
     0 | D:1      | LORDOFBUTT the Gargoyle Fighter began the quest for the Orb.
     0 | D:1      | Reached XP level 1. HP: 14/14 MP: 1/1
   132 | D:1      | Reached XP level 2. HP: 19/19 MP: 2/2
   153 | D:1      | Reached skill level 4 in Shields
   675 | D:2      | Found a burning altar of Makhleb.
   675 | D:2      | Found a shimmering altar of Xom.
   715 | D:2      | Reached XP level 3. HP: 22/23 MP: 3/3
  1222 | D:2      | Found a basalt altar of Yredelemnul.
  1614 | D:2      | Found a runed door.
  1618 | D:2      | Noticed Crazy Yiuf
  1624 | D:2      | HP: 1/23 [Crazy Yiuf/quarterstaff of chaos (1)]
  1625 | D:2      | Killed Crazy Yiuf
  1625 | D:2      | Reached skill level 5 in Shields
  1625 | D:2      | Reached XP level 4. HP: 2/28 MP: 4/4
  2048 | D:3      | Reached skill level 6 in Shields
  2048 | D:3      | Reached XP level 5. HP: 25/32 MP: 5/5
  2979 | D:4      | Found a staircase to the Ecumenical Temple.
  3264 | D:4      | Reached skill level 7 in Shields
  3264 | D:4      | Reached XP level 6. HP: 36/37 MP: 6/6
  3521 | D:5      | Entered Level 5 of the Dungeon
  3528 | D:5      | Noticed a sky beast
  3557 | D:5      | Killed a sky beast
  3557 | D:5      | Reached skill level 8 in Shields
  3566 | D:5      | Reached XP level 7. HP: 28/41 MP: 7/7
  3581 | D:5      | Gained mutation: You can translocate small distances at will. [mutagenic meat]
  3582 | D:5      | Gained mutation: Your body sometimes deteriorates upon taking damage. [mutagenic meat]
  3583 | D:5      | Gained mutation: Scrolls take you a little longer to read. [mutagenic meat]
  3839 | D:5      | Noticed Eustachio
  3850 | D:5      | Reached skill level 9 in Shields
  3892 | D:5      | Killed Eustachio
  4031 | D:5      | Reached skill level 10 in Shields
  4031 | D:5      | Reached XP level 8. HP: 16/46 MP: 8/8
  4179 | D:5      | Found a sparkling altar of Nemelex Xobeh.
  4182 | D:5      | Found a sacrificial altar of Ru.
  4185 | D:5      | Found a snail-covered altar of Cheibriados.
  4220 | D:5      | Got a steaming flail
  4221 | D:5      | Identified the +4 flail "Xeticeluhi" {crush, -Tele rC+++ MR- Str+9} (You found it on level 5 of the Dungeon)
  4232 | D:5      | Gained mutation: Your muscles are strong. (Str +2) [potion of mutation]
  4232 | D:5      | Lost mutation: Your muscles are strong. (Str +2) [potion of mutation]
  4232 | D:5      | Gained mutation: Your natural rate of healing is unusually fast. [potion of mutation]
  4453 | D:6      | Reached skill level 11 in Shields
  4677 | D:6      | Noticed Menkaure
  4687 | D:6      | Lost mutation: Scrolls take you a little longer to read. [mutagenic meat]
  4693 | D:6      | Killed Menkaure
  4693 | D:6      | Reached skill level 12 in Shields
  4789 | D:6      | Reached XP level 9. HP: 51/51 MP: 9/9
  4790 | D:6      | Noticed Duvessa
  4790 | D:6      | Noticed Dowan
  4796 | D:6      | Killed Duvessa
  4805 | D:6      | Killed Dowan
  4896 | D:6      | Found a deep blue altar of Sif Muna.
  5158 | D:6      | Gained mutation: You are agile. (Dex +2) [mutagenic meat]
  5526 | D:5      | Reached skill level 13 in Shields
  5581 | Temple   | Entered the Ecumenical Temple
  5708 | Temple   | Became a worshipper of Gozag Ym Sagoz the Greedy
  5829 | D:7      | Noticed Pikel
  5842 | D:7      | Killed Pikel
  5947 | D:7      | Reached skill level 14 in Shields
  6150 | D:7      | Noticed a four-headed hydra
  6375 | D:7      | Found a stormy altar of Qazlal.
  6561 | D:7      | Reached XP level 10. HP: 48/56 MP: 10/10
  6677 | D:7      | Noticed Joseph
  6698 | D:7      | Killed Joseph
  6698 | D:7      | Reached skill level 15 in Shields
  6919 | D:7      | Killed a four-headed hydra
  7078 | D:7      | Found a hide-covered altar of Uskayaw.
  7257 | D:8      | Found Buatwo's Antique Weapon Shop.
  7274 | D:8      | Bought an encrusted flail for 221 gold pieces
  7274 | D:8      | Identified the +4 flail of the End {crush, rC+} (You bought it in a shop on level 8 of the Dungeon)
  7323 | D:8      | Found a deep blue altar of Sif Muna.
  7395 | D:8      | Reached skill level 5 in Maces & Flails
  7408 | D:8      | Found an iron altar of Okawaru.
  8045 | D:9      | Found a shadowy altar of Dithmenos.
  8529 | D:10     | Entered Level 10 of the Dungeon
  8556 | D:10     | Reached XP level 11. HP: 60/60 MP: 11/11
  8635 | D:10     | Noticed a deep elf mage
  8698 | D:10     | Noticed a red ugly thing
  8703 | D:10     | Noticed an orc knight
  8709 | D:10     | Killed a deep elf mage
  8737 | D:10     | Noticed a hill giant
  8794 | D:10     | Reached skill level 10 in Maces & Flails
  8943 | D:10     | Noticed a hill giant
  8950 | D:10     | Slain by a hill giant

Skill      XL: |  1  2  3  4  5  6  7  8  9 10 11 |
---------------+----------------------------------+-----
Shields        | 4 5 6 7 8 10 12 14 15 | 15.0
Maces & Flails | 8 10 | 10.2
Fighting       | |  3.2
Armour         | |  3.2

Action                   |  1- 3 |  4- 6 |  7- 9 | 10-12 || total
-------------------------+-------+-------+-------+-------++-------
Melee: Flail             |   214 |   263 |   313 |   395 ||  1185
Invok: Potion Petition   |       |       |     1 |       ||     1
  Use: Scroll            |       |     6 |     5 |     8 ||    19
       Potion            |       |       |     4 |     3 ||     7
 Stab: Distracted        |       |       |       |     4 ||     4
  Eat: Chunk             |     2 |     8 |    14 |       ||    24
       Pizza             |       |       |     2 |       ||     2
       Beef jerky        |       |       |     1 |       ||     1
       Meat ration       |       |       |       |     2 ||     2
Armor: Scale mail        |    58 |   212 |   287 |   153 ||   710
Dodge: Dodged            |    33 |   123 |   130 |   126 ||   412
Block: Shield            |    71 |   216 |   284 |   330 ||   901
